 Dungeon Crawl Stone Soup version 0.23-a0-489-g205b0b6 (webtiles) character file.

7015 kibaces the Blocker (level 11, -9/95 HPs)
             Began as a Hill Orc Abyssal Knight on Dec 2, 2018.
             Was an Elder of Lugonu.
             Mangled by a large abomination (20 damage)
             ... summoned by Lugonu's corruption
             ... on level 10 of the Dungeon.
             The game lasted 00:48:34 (13837 turns).

kibaces the Blocker (Hill Orc Abyssal Knight)      Turns: 13837, Time: 00:48:36

Health: -9/95      AC: 13    Str: 19    XL:     11   Next: 8%
Magic:  9/16       EV:  9    Int: 12    God:    Lugonu [****..]
Gold:   403        SH:  7    Dex: 10    Spells: 7/13 levels left

rFire    + + .     SeeInvis .   y - +3 rapier (freeze)
rCold    + + +     Gourm    .   l - +2 buckler {rC+}
rNeg     . . .     Faith    .   p - +3 chain mail {rC+}
rPois    .         Spirit   .   (no helmet)
rElec    .         Reflect  .   q - scarf {rC+ rF+}
rCorr    .         Harm     .   (no gloves)
MR       +....                  (no boots)
Stlth    ..........             a - amulet of rage
HPRegen  0.25/turn              e - ring of protection from fire
MPRegen  0.15/turn              h - ring of protection from magic

@: no status effects
A: no striking features
a: Depart the Abyss, Bend Space, Banish, Corrupt, Renounce Religion, Evoke
Berserk Rage


You were on level 10 of the Dungeon.
You worshipped Lugonu.
Lugonu was greatly pleased with you.
You were not hungry.

You visited 1 branch of the dungeon, and saw 10 of its levels.
You visited the Abyss 2 times.
You also visited: Ossuary.

You collected 403 gold pieces.

Inventory:

Hand Weapons
 y - a +3 rapier of freezing (weapon)
Armour
 l - a +2 buckler of cold resistance (worn)
 p - a +3 chain mail of cold resistance (worn)
 q - a scarf of resistance (worn)
 C - a +0 plate armour
Jewellery
 a - an amulet of rage (around neck)
 e - a ring of protection from fire (left hand)
 h - a ring of protection from magic (right hand)
 i - an uncursed ring of see invisible {unknown}
Wands
 f - a wand of enslavement (12)
 j - a wand of iceblast (3)
 o - a wand of random effects (18)
 s - a wand of paralysis (4)
Scrolls
 b - 3 scrolls of enchant armour
 g - 2 scrolls of identify
 n - a scroll of blinking
 v - a scroll of brand weapon {unknown}
 x - a scroll of remove curse
Potions
 d - a potion of lignification {unknown}
 k - 2 potions of brilliance
 m - 2 potions of curing
 r - 2 potions of haste
 u - 3 potions of might {unknown}
 w - a potion of cancellation {unknown}
 A - 5 potions of agility
 B - 3 potions of magic {unknown}
Comestibles
 c - 16 rations


   Skills:
 + Level 8.4 Fighting
 + Level 5.5(6.1) Short Blades
   Level 4.3(5.9) Long Blades
 + Level 7.1 Armour
 + Level 4.8 Dodging
 - Level 0.5 Stealth
 * Level 8.6 Shields
 + Level 1.6 Spellcasting
 * Level 3.5 Hexes
 + Level 7.6 Invocations
 + Level 1.8 Evocations


You had 7 spell levels left.
You knew the following spells:

 Your Spells              Type           Power        Failure   Level  Hunger
a - Tukima's Dance        Hex            #.......     88%         3    ####...
b - Confuse               Hex            #.......     88%         3    ####...

Your spell library contained the following spells:

 Spells                   Type           Power        Failure   Level  Hunger
 Corona                   Hex            #......      52%         1    ##.....
 Ensorcelled Hibernation  Hex/Ice        #.....       88%         2    ###....
 Dazzling Spray           Conj/Hex       #.....       98%         3    ####...
 Bolt of Magma            Conj/Fire/Erth #.........   100%        5    ######.
 Iskenderun's Battlesphe  Conj/Chrm      #.......     100%        5    ######.
 Venom Bolt               Conj/Pois      #.........   100%        5    ######.
 Iron Shot                Conj/Erth      #.........   100%        6    #######
 Orb of Destruction       Conj           #.........   100%        7    #######
 Spellforged Servitor     Conj/Summ      #.........   100%        7    #######


Dungeon Overview and Level Annotations

Branches:
Dungeon (10/15)            Temple (0/1) D:6            Lair (0/6) D:8
    Orc (0/2) D:9

Altars:
Ashenzari
Elyvilon
Fedhas
Gozag
Makhleb
Okawaru
Qazlal
Ru
Sif Muna
Uskayaw
Wu Jian
Xom
Yredelemnul
The Shining One

Shops:
D:6 (

Annotations:
D:1 exclusion: downstairs
D:10 corrupted


Message History

The fire bat barely misses you. Something hits you but does no damage.
Something hits you!
* * * LOW HITPOINT WARNING * * *
A starcursed mass splits.
The troll writhes in pain as voices assail its mind.
Found 8 gold pieces.
The ynoxinul refuses to make way for you. (Use ctrl+direction or * direction to The wraith refuses to make way for you. (Use ctrl+direction or * direction to Something hits the troll!
Something shocks the troll!
Something hits the troll!
The troll dies!
Something hits you but does no damage. Something hits you!
* * * LOW HITPOINT WARNING * * *
A starcursed mass splits.
The ynoxinul hits you but does no damage.
Press: ? - help, v - describe, . - travel
Here: a ynoxinul (indifferent, summoned)
The floor.
You feel better. You block something's attack.
The wraith hits you but does no damage. The large abomination hits you!!
You die...

#.# #####$##.## $.$
..x..3 # #?###.#x.3##
#.##.#.G#.T..5##
#....)....h..†.
#$##)##"X.5##.# .#
##†##.X#..#$# .#
#...##XXZX@## .##
##.#.X.#.GW33...# ..#
###'.###..#b#.d##.#
..####..........R§....
........##.#######
##.# ..o.....##### #
..yi.<.....u#
.yy..u......#
..y.........#


You could see 4 neutral starcursed masses, a neutral black draconian
(wandering), a neutral glowing orange brain, 2 neutral large abominations, a
neutral eye of draining, a neutral smoke demon (wandering), a neutral efreet
(wandering), a neutral raiju, a neutral ynoxinul (wandering), a neutral wraith,
a neutral fire bat, a neutral quasit (wandering), a neutral shadow imp
(wandering) and a neutral spiny frog zombie (wandering).

Vanquished Creatures
  Harold (D:9)
  A two-headed ogre (D:8)
  Pikel (D:8)
  Psyche (D:9)
  A queen bee (D:9)
  Eustachio (D:6)
  A warg (D:9)
  2 porcupines (D:8)
  6 orc warriors
  A sky beast (D:5)
  A hornet zombie (D:10)
  4 black bears (D:8)
  An ogre (D:7)
  A phantom (D:7)
  A wolf (D:8)
  2 crocodiles (D:7)
  An elf zombie (Ossuary)
  A bullfrog (D:7)
  17 killer bees
  3 howler monkeys
  3 crimson imps
  3 centaur zombies (Ossuary)
  A quasit (D:9)
  A jelly (D:6)
  6 hounds
  A human zombie (Ossuary)
  10 orc priests
  2 iguanas
  Terence (D:2)
  4 worker ants
  13 orc wizards
  2 big kobold zombies (Ossuary)
  A hound zombie (D:7)
  2 mummies (Ossuary)
  2 howler monkey skeletons
  8 gnolls
  11 adders
  An ooze (D:1)
  2 adder zombies
  2 adder skeletons
  3 worms
  3 dart slugs
  7 leopard geckos
  43 orcs
  6 bats
  A giant cockroach (D:6)
  4 goblins (D:1)
  8 hobgoblins
  4 jackals (D:4)
  3 quokkas
  A ball python (D:1)
  A ball python skeleton (D:6)
  6 frilled lizards
  A goblin zombie (Ossuary)
  8 hobgoblin zombies (Ossuary)
  3 jackal zombies
  9 kobolds
  8 kobold zombies (Ossuary)
  9 orc zombies (Ossuary)
  A quokka skeleton (D:6)
  2 quokka zombies (D:5)
  10 rats
265 creatures vanquished.

Vanquished Creatures (others)
  A troll (D:10)
  An acid dragon (D:10)
  A porcupine (D:8)
  A black bear (D:8)
  3 slaves (D:8)
  2 plants (D:8)
9 creatures vanquished.

Grand Total: 274 creatures vanquished

Notes
Turn   | Place    | Note
-------+----------+-------------------------------------------
     0 | Abyss:1  | kibaces the Hill Orc Abyssal Knight began the quest for the
                  | Orb.
     0 | Abyss:1  | Reached XP level 1. HP: 19/19 MP: 2/2
    73 | D:1      | Escaped the Abyss
    95 | D:1      | Reached XP level 2. HP: 13/27 MP: 3/3
   612 | D:1      | Reached XP level 3. HP: 21/34 MP: 3/5
  1275 | D:2      | Reached skill level 1 in Dodging
  1324 | D:2      | Noticed Terence
  1389 | D:2      | Reached ** piety under Lugonu
  1846 | D:3      | Reached skill level 1 in Short Blades
  1854 | D:3      | Found an iron altar of Okawaru.
  2079 | D:3      | Reached XP level 4. HP: 41/41 MP: 6/6
  2374 | D:2      | Killed Terence
  2853 | D:3      | Reached XP level 5. HP: 35/47 MP: 7/7
  3025 | D:3      | Found a faded altar of an unknown god.
  3727 | D:4      | Reached skill level 1 in Shields
  3832 | D:4      | Found a glowing golden altar of the Shining One.
  3988 | D:4      | Reached skill level 5 in Fighting
  3988 | D:4      | Reached XP level 6. HP: 44/56 MP: 8/8
  5003 | D:4      | Found a burning altar of Makhleb.
  5003 | D:4      | Noticed a balrug
  5233 | D:5      | Entered Level 5 of the Dungeon
  5266 | D:5      | Found a sand-covered staircase.
  5273 | Ossuary  | Entered an ossuary
  5357 | Ossuary  | Reached *** piety under Lugonu
  5501 | Ossuary  | Reached XP level 7. HP: 41/61 MP: 9/9
  6493 | D:5      | Found a shimmering altar of Xom.
  6527 | D:5      | Found an ornate altar of the Wu Jian Council.
  6565 | D:5      | Reached XP level 8. HP: 40/70 MP: 9/11
  6840 | D:5      | Reached **** piety under Lugonu
  6927 | D:5      | Found a white marble altar of Elyvilon.
  6930 | D:5      | Found a glowing golden altar of the Shining One.
  6933 | D:5      | Found a shattered altar of Ashenzari.
  6963 | D:5      | Found a stormy altar of Qazlal.
  7001 | D:5      | Noticed a water elemental
  7001 | D:5      | Noticed an air elemental
  7128 | D:6      | Found a blossoming altar of Fedhas.
  7431 | D:6      | Reached skill level 5 in Armour
  7842 | D:6      | Found a sacrificial altar of Ru.
  7883 | D:6      | Found Wuhuimp's Weapon Shoppe.
  7940 | D:6      | Noticed Eustachio
  7969 | D:6      | Killed Eustachio
  7969 | D:6      | Reached skill level 5 in Shields
  7969 | D:6      | Reached skill level 5 in Invocations
  8035 | D:6      | Found an opulent altar of Gozag.
  8045 | D:6      | Reached XP level 9. HP: 60/78 MP: 12/12
  8171 | D:6      | Found a staircase to the Ecumenical Temple.
  9449 | D:8      | Reached ***** piety under Lugonu
  9667 | D:8      | Found a staircase to the Lair.
  9674 | D:8      | Noticed a two-headed ogre
  9887 | D:8      | Found a basalt altar of Yredelemnul.
  9925 | D:8      | Noticed Pikel
  9954 | D:8      | Killed Pikel
  9954 | D:8      | Reached XP level 10. HP: 67/88 MP: 13/15
 10446 | D:7      | Found a deep blue altar of Sif Muna.
 10454 | D:7      | Learned a level 3 spell: Tukima's Dance
 10458 | D:7      | Learned a level 3 spell: Confuse
 11180 | D:8      | Killed a two-headed ogre
 11180 | D:8      | Reached skill level 5 in Short Blades
 11180 | D:8      | Reached skill level 1 in Hexes
 11857 | D:9      | Noticed Psyche
 12079 | D:9      | Reached skill level 1 in Spellcasting
 12254 | D:9      | HP: 4/88 [Psyche/+3 dagger of distortion (16)]
 12255 | D:9      | Cast into level 1 of the Abyss (Psyche)
 12366 | D:9      | Escaped the Abyss
 12371 | D:9      | Killed Psyche
 12889 | D:9      | Reached skill level 1 in Evocations
 12961 | D:9      | Found a staircase to the Orcish Mines.
 13126 | D:9      | Found a hide-covered altar of Uskayaw.
 13265 | D:9      | Noticed Harold
 13290 | D:9      | Killed Harold
 13290 | D:9      | Reached XP level 11. HP: 58/95 MP: 16/16
 13741 | D:10     | Entered Level 10 of the Dungeon
 13795 | D:10     | Noticed a cyan ugly thing
 13834 | D:10     | Corrupted D:10
 13834 | D:10     | Noticed a sixfirhy
 13834 | D:10     | Noticed a glowing orange brain
 13834 | D:10     | Noticed a starcursed mass
 13835 | D:10     | Noticed a starcursed mass
 13835 | D:10     | Noticed a black draconian
 13836 | D:10     | HP: 4/95 [something (8)]
 13837 | D:10     | Mangled by a large abomination

Vault maps used:
D:1:      dpeg_arrival_stonehenge_8_columns
D:2:      first_ration, serial_glass, glass_columns_b, glass_columns_a,
          glass_columns_c, glass_columns_a, serial_park_tiny_1, uniq_terence
D:3:      old_standard_altar, chequers_ecumenical_altar_island
D:4:      makhleb_altar_promises_db, minmay_misc_feat_four_crosses,
          nicolae_tso_carved_into_rock
D:5:      grunt_temple_overflow_diamond, nicolae_qazlal_style_of_elements,
          xom_teletrap_fun, overflow_temple_1_default, enter_ossuary_4
D:6:      lemuel_crystal_altar, minmay_temple_entry_nine_rooms, basic_altar,
          serial_shops, shop, mrwooster_statue_mirror,
          nicolae_gozag_seed_capital, uniq_eustachio
D:7:      nicolae_overflow_hidden_temple
D:8:      nicolae_overflow_crystal_walls, minmay_lair_entry_grove, uniq_pikel
D:9:      eat_drink_and_be_merry_uskayaw, erik_orc_4, david_nohive_1,
          uniq_harold, uniq_psyche
D:10:     hangedman_cross_veins, serial_shops, kennysheep_mini
Ossuary:  ossuary_tomb_1

Skill      XL: |  1  2  3  4  5  6  7  8  9 10 |
---------------+-------------------------------+-----
Fighting       | 4 5 6 7 8 |  8.4
Dodging        | 1 2 3 4 |  4.8
Short Blades   | 1 2 3 4 5 |  5.5
Armour         | 3 4 5 6 7 |  7.1
Shields        | 1 2 3 5 7 8 |  8.6
Invocations    | 3 4 5 6 7 |  7.6
Long Blades    | 3 4 |  4.3
Hexes          | 3 |  3.5
Spellcasting   | 1 |  1.6
Evocations     | 1 |  1.8
Stealth        | |  0.5

Action                   |  1- 3 |  4- 6 |  7- 9 | 10-12 || total
-------------------------+-------+-------+-------+-------++-------
Melee: Falchion          |    24 |       |       |       ||    24
       Short sword       |    94 |   223 |   342 |       ||   659
       Rapier            |       |       |   193 |   308 ||   501
Invok: Depart the Abyss  |       |       |       |     1 ||     1
       Bend Space        |       |       |       |     2 ||     2
       Corrupt           |       |       |       |     1 ||     1
 Abil: Evoke Berserk Rag |       |       |       |     2 ||     2
Evoke: Wand              |       |       |     7 |     5 ||    12
  Use: Scroll            |       |    10 |     6 |     3 ||    19
       Potion            |       |       |     1 |     6 ||     7
 Stab: Paralysed         |       |       |     4 |     6 ||    10
  Eat: Chunk             |     4 |     8 |    14 |     1 ||    27
       Ration            |       |     1 |       |     4 ||     5
Armor: Leather armour    |    43 |     6 |       |       ||    49
       Ring mail         |       |    37 |       |       ||    37
       Scale mail        |       |    43 |    97 |       ||   140
       Plate armour      |       |       |   108 |   122 ||   230
       Chain mail        |       |       |       |    46 ||    46
Dodge: Dodged            |    62 |    81 |   141 |   107 ||   391
Block: Buckler           |       |    49 |   132 |   116 ||   297
       Rpst.: Falchion   |     3 |       |       |       ||     3

Table legend:
 A = Non-vault XP
 B = Vault XP
 C = Vault XP percentage of total XP
 D = Non-vault monster count
 E = Vault monster count
 F = Vault count percentage of total count
                 A         B        C        D         E       F
            +---------+---------+-------+---------+---------+-------
      Total |    4385 |    5637 |  56.2 |     178 |      87 |  32.8
            +---------+---------+-------+---------+---------+-------
        D:1 |      45 |       0 |   0.0 |      24 |       0 |   0.0
        D:2 |      46 |      36 |  43.9 |      16 |       1 |   5.9
        D:3 |     131 |       0 |   0.0 |      24 |       0 |   0.0
        D:4 |     253 |       0 |   0.0 |      15 |       0 |   0.0
        D:5 |     445 |       2 |   0.4 |      16 |       2 |  11.1
        D:6 |     941 |     203 |  17.7 |      29 |       1 |   3.3
        D:7 |     892 |     219 |  19.7 |      28 |       2 |   6.7
        D:8 |    1154 |    1734 |  60.0 |      14 |      11 |  44.0
        D:9 |     415 |    2842 |  87.3 |       7 |      28 |  80.0
       D:10 |      63 |     203 |  76.3 |       5 |       4 |  44.4
    Ossuary |       0 |     398 | 100.0 |       0 |      38 | 100.0
            +---------+---------+-------+---------+---------+-------
